 Dungeon Crawl Stone Soup version 0.28-a0-834-g1a73be5ee4 (webtiles) character file.

Game seed: 17757271622231107209

1266 Zenkrye the Changer (level 8, -3/54 HPs)
             Began as an Octopode Transmuter on Nov 11, 2021.
             Was a Believer of Uskayaw.
             Slain by a troll (16 damage)
             ... on level 7 of the Dungeon.
             The game lasted 00:29:05 (9286 turns).

Zenkrye the Changer (Octopode Transmuter)           Turns: 9286, Time: 00:29:05

Health: -3/54      AC:  2    Str: 15    XL:     8   Next: 52%
Magic:  9/12       EV: 21    Int: 18    God:    Uskayaw [**....]
Gold:   124        SH:  0    Dex: 17    Spells: 3/13 levels left

rFire   . . .      SeeInvis .     - Unarmed
rCold   . . .      Faith    .   (shield currently unavailable)
rNeg    . . .      Spirit   .   (helmet currently unavailable)
rPois   x          Reflect  .   (no amulet)
rElec   .          Harm     .   f - +6 ring of strength
rCorr   .          Rampage  .   (no ring)
Will    .....                   (no ring)
Stlth   ++........              (no ring)
HPRegen 0.18/turn               (no ring)
MPRegen 0.13/turn               (no ring)
                                (no ring)
                                (no ring)

@: spider-form
A: venomous fangs, almost no armour, (amphibious), 8 rings, tiny, (camouflage
1), (gelatinous body 1), (nimble swimmer 1), (tentacles)
a: End Transformation, Renounce Religion, Stomp, Line Pass


You were on level 7 of the Dungeon.
You worshipped Uskayaw.
Uskayaw was noncommittal.
You were a venomous arachnid creature.
You visited 1 branch of the dungeon, and saw 7 of its levels.

You collected 124 gold pieces.

Inventory:

Missiles
 c - 50 sling bullets
 d - 5 atropa-tipped darts
 e - a boomerang (quivered)
 g - 15 poisoned darts
 s - a curare-tipped dart
Magical Staves
 q - a staff of air
Jewellery
 f - a +6 ring of strength (left front leg)
Wands
 n - a wand of paralysis (5)
 v - a wand of digging (5) {@v1}
Scrolls
 a - 2 scrolls of amnesia
 i - a scroll of identify {@r1}
 j - 2 scrolls of immolation
 k - 2 scrolls of teleportation {@r3}
 l - 2 scrolls of fear {unknown}
 m - a scroll of blinking {@r4}
 o - a scroll of noise {unknown}
 r - a scroll of torment {unknown}
Potions
 b - 2 potions of might {@q4}
 h - 2 potions of mutation
 p - a potion of lignification {unknown}
 t - 2 potions of invisibility {unknown}
 u - a potion of curing {unknown}


   Skills:
 + Level 4.2 Fighting
 + Level 4.1 Dodging
 + Level 0.0 Stealth
 + Level 5.2 Unarmed Combat
 - Level 3.0 Spellcasting
 + Level 5.5 Transmutations
 - Level 2.0 Poison Magic
 + Level 2.5 Invocations
 + Level 2.0 Evocations


You had 3 spell levels left.
You knew the following spells:

 Your Spells              Type           Power      Damage    Failure   Level
a - Beastly Appendage     Tmut           44%        N/A       7%          1
b - Spider Form           Tmut/Pois      16%        N/A       26%         3
c - Ice Form              Ice/Tmut       12%        N/A       67%         4
d - Wereblood             Tmut           22%        N/A       10%         2

Your spell library contained the following spells:

 Spells                   Type           Power      Damage    Failure   Level
 Blink                    Tloc           4%         N/A       45%         2
 Sublimation of Blood     Necr           2%         N/A       45%         2
 Lesser Beckoning         Tloc           2%         N/A       65%         3
 Portal Projectile        Hex/Tloc       4%         N/A       65%         3
 Blade Hands              Tmut           11%        N/A       65%         5
 Passage of Golubria      Tloc           2%         N/A       95%         4
 Excruciating Wounds      Necr           1%         N/A       100%        5
 Manifold Assault         Tloc           2%         N/A       100%        5
 Silence                  Hex/Air        1%         N/A       100%        5
 Summon Hydra             Summ           1%         N/A       100%        7
 Lehudib's Crystal Spear  Conj/Erth      1%         10d2      100%        8


Dungeon Overview and Level Annotations

Branches:
Dungeon (7/15)             Temple (0/1) D:5

Altars:
Cheibriados
Gozag
Makhleb
Nemelex Xobeh
Qazlal
Uskayaw
Wu Jian
Yredelemnul

Shops:
D:2 :   D:3 !**   D:7 =

Annotations:
D:4 Grinder


Innate Abilities, Weirdness & Mutations

You are a venomous arachnid creature.
You have poisonous fangs.
You are tiny and dextrous.
Your spellcasting is less reliable in this form.
Your armour is entirely melded.
You are incapable of wielding weapons or throwing items.
You cannot wear most types of armour.
((You are amphibious.))
You can wear up to eight rings at the same time.
((Your skin changes colour to match your surroundings (Stealth+).))
((Your rubbery body absorbs attacks. (AC +1, EV +1)))
((You are camouflaged near water. (Stealth+)))
((You have tentacles for arms and can constrict up to eight enemies at once.))


Message History

g - 15 poisoned darts (gained 10)
Found 18 stones.
a - 2 scrolls of amnesia (gained 1)
t - 2 silvery potions Unknown command.
Found a mace.
u - a green potion
Found a stone staircase leading down.
You see here a +0 mace.
There is a stone staircase leading down here.
v - a wand of digging (5) {@v1} You now have enough gold to buy a potion of haste on D:3, or buy a potion of resistance on D:3.
You can access your shopping list by pressing '$'.
You now have 124 gold pieces (gained 6).
A troll comes into view.
Found a scroll of teleportation.
The troll shouts!
You hear a shout!
The troll bites you. The troll claws you. The troll claws you!
Casting: Wereblood (safe; 2% risk of failure)
Confirm with . or Enter, or press ? or * to list all spells.
You turn into a venomous arachnid creature.
The troll closely misses you. The troll barely misses you. The troll claws you!
You hit the troll.
The troll is poisoned.
The troll is lightly wounded.
The troll bites you. The troll claws you! The troll closely misses you.
An orc priest comes into view. It is wielding a +0 hand axe.
You hit the troll.
The troll looks as sick as possible!
The troll is moderately wounded.
The troll bites you. The troll misses you. The troll closely misses you.
You hit the troll.
The troll looks as sick as possible!
The troll is moderately wounded.
The troll bites you!
* * * LOW HITPOINT WARNING * * *
The troll closely misses you. x2
You can now pass through a line of other dancers.
You bite the troll!
The troll looks as sick as possible!
The troll is severely wounded.
An orc comes into view. It is wielding a +0 hand axe.
The troll bites you!
You die...

######T# #......#
#.###?.# #.# .#
#.# .#
###.######.#####
#........T.......
#.......s........
#................
#............o...
###............o.
#####..........
#..........
##..........
#........... #.#
###.........


You could see a troll (extremely poisoned), an orc priest and an orc
(wandering).

Vanquished Creatures
  Prince Ribbit (D:6)
  An ogre (D:5)
  A necrophage (D:5)
  3 centaurs
  A bullfrog (D:6)
  A kobold brigand (D:7)
  A scorpion (D:5)
  A jelly (D:5)
  3 orc priests (D:6)
  A hound (D:5)
  An iguana (D:5)
  Terence (D:3)
  An orc wizard (D:5)
  A howler monkey zombie (D:7)
  9 adders
  3 gnolls (D:4)
  A howler monkey skeleton (D:4)
  A white imp (D:5)
  2 worms (D:3)
  5 dart slugs
  13 orcs
  8 endoplasms
  5 giant cockroaches
  5 goblins
  3 hobgoblins
  8 jackals
  5 quokkas
  6 ball pythons
  2 frilled lizards (D:1)
  16 kobolds
  3 rats
113 creatures vanquished.

Notes
Turn   | Place    | Note
-------+----------+-------------------------------------------
     0 | D:1      | Zenkrye the Octopode Transmuter began the quest for the
                  | Orb.
     0 | D:1      | Reached XP level 1. HP: 13/13 MP: 3/3
   213 | D:1      | Reached XP level 2. HP: 13/18 MP: 3/5
   915 | D:1      | Reached XP level 3. HP: 18/24 MP: 4/6
   919 | D:1      | Learned a level 3 spell: Spider Form
  1623 | D:2      | Reached skill level 1 in Poison Magic
  1664 | D:2      | Found Xabudduy's Book Shop.
  1688 | D:2      | Reached XP level 4. HP: 22/29 MP: 3/7
  2792 | D:3      | Found a basalt altar of Yredelemnul.
  3477 | D:3      | Found Zilelaaj's Distillery.
  3484 | D:3      | Found Uddad's Assorted Antiques.
  3501 | D:3      | Reached XP level 5. HP: 6/34 MP: 6/9
  3842 | D:3      | Found an ornate altar of the Wu Jian Council.
  4071 | D:3      | Noticed Terence
  4161 | D:3      | Killed Terence
  4326 | D:3      | Found a hide-covered altar of Uskayaw.
  4359 | D:3      | Became a worshipper of Uskayaw the Reveller
  4742 | D:3      | Found Rocsilup's General Store.
  4850 | D:4      | Reached * piety under Uskayaw
  4990 | D:4      | Noticed Grinder
  4991 | D:4      | Paralysed by Grinder for 3 turns
  5011 | D:4      | Reached ** piety under Uskayaw
  5440 | D:4      | Reached XP level 6. HP: 41/41 MP: 6/10
  5450 | D:4      | Learned a level 4 spell: Ice Form
  5453 | D:4      | Learned a level 2 spell: Wereblood
  5847 | D:5      | Entered Level 5 of the Dungeon
  6140 | D:5      | Found a stormy altar of Qazlal.
  6495 | D:5      | Found a staircase to the Ecumenical Temple.
  6759 | D:5      | Reached XP level 7. HP: 46/46 MP: 7/11
  7444 | D:5      | Found a snail-covered altar of Cheibriados.
  7784 | D:5      | Reached skill level 1 in Invocations
  7879 | D:6      | Noticed Prince Ribbit
  7879 | D:6      | Noticed a wraith
  7983 | D:6      | Found a burning altar of Makhleb.
  8058 | D:6      | Reached skill level 5 in Transmutations
  8094 | D:6      | Found a sparkling altar of Nemelex Xobeh.
  8102 | D:6      | Reached XP level 8. HP: 28/54 MP: 6/12
  8108 | D:6      | Reached *** piety under Uskayaw
  8110 | D:6      | Reached **** piety under Uskayaw
  8451 | D:6      | Killed Prince Ribbit
  8452 | D:6      | Reached skill level 5 in Unarmed Combat
  8452 | D:6      | Reached skill level 1 in Evocations
  8807 | D:6      | Found an opulent altar of Gozag.
  9136 | D:7      | Found Qikkeyme's Jewellery Shoppe.
  9270 | D:7      | Noticed a troll
  9286 | D:7      | Slain by a troll

Illustrated notes

Levels and vault maps discovered:
D:1:      dpeg_arrival_rhombus, layout_basic
D:2:      layout_rooms, serial_shops, shop, grunt_ministairs_11,
          serial_bayou_pond_d
D:3:      layout_loops_ring, mainiacjoe_overflow_small_starburst,
          lemuel_round_altar, marbit_many_paths, serial_shops, shop_fountains,
          nicolae_diamond_shop, shop, uniq_terence
D:4:      layout_basic, mainiacjoe_overflow_alcove_4, uniq_grinder, uniq_sigmund
D:5:      layout_basic, old_standard_altar, mainiacjoe_overflow_alcove_2,
          minmay_temple_entry_junction_2
D:6:      layout_loops_ring, mainiacjoe_overflow_24_doors,
          mainiacjoe_overflow_alcove_1, corner_web_ring, kennysheep_flooded_box,
          minmay_misc_feat_doors, uniq_pikel, uniq_prince_ribbit1
D:7:      layout_basic, serial_shops, nicolae_shop_stone

Skill      XL: |  1  2  3  4  5  6  7  8 |
---------------+-------------------------+-----
Fighting       | 2 3 4 |  4.2
Poison Magic   | 1 2 |  2.0
Transmutations | 3 4 5 |  5.5
Spellcasting   | 3 |  3.0
Unarmed Combat | 4 5 |  5.2
Dodging        | 3 4 |  4.1
Invocations    | 1 2 |  2.5
Evocations     | 2 |  2.0

Action                   |  1- 3 |  4- 6 |  7- 9 || total
-------------------------+-------+-------+-------++-------
Melee: Unarmed           |    69 |   162 |   108 ||   339
       Constrict         |    19 |    13 |       ||    32
       Kick              |    21 |     7 |       ||    28
       Tentacles         |     5 |     3 |       ||     8
       Punch             |     1 |     1 |       ||     2
Throw: Stone             |    56 |    67 |       ||   123
       Dart              |       |    63 |       ||    63
       Boomerang         |       |       |    10 ||    10
 Cast: Beastly Appendage |    21 |    13 |       ||    34
       Spider Form       |     1 |    25 |    16 ||    42
       Wereblood         |       |       |     2 ||     2
 Abil: End Transformatio |       |     1 |       ||     1
  Use: Scroll            |     4 |     5 |     4 ||    13
       Potion            |       |       |     1 ||     1
 Stab: Sleeping          |     1 |       |       ||     1
       Paralysed         |       |       |     3 ||     3
Armor: Skin              |     3 |     5 |     4 ||    12
Dodge: Dodged            |    44 |   115 |   102 ||   261

Table legend: (Time is in decaauts)
 A = Elapsed time spent in this place.
 B = Non-inter-level travel time spent in this place.
 C = Inter-level travel time spent in this place.
 D = Time resting spent in this place.
 E = Time spent auto-exploring this place.
 F = Levels seen in this place.
 G = Mean time per level.
                   A        B        C        D        E       F      G
               +--------+--------+--------+--------+--------+-----+--------+
         Total |   9285 |   8807 |    478 |   1436 |   5744 |   7 | 1326.4 |
       Dungeon |   9285 |   8807 |    478 |   1436 |   5744 |   7 | 1326.4 |
               +--------+--------+--------+--------+--------+-----+--------+

Top non-repeatable levels by time:
     D:3: 2444 daAuts
     D:5: 2101 daAuts
     D:2: 1445 daAuts
     D:1: 1420 daAuts
     D:6: 1096 daAuts
     D:4: 549 daAuts
     D:7: 227 daAuts
